 Dungeon Crawl Stone Soup version 0.29.1-4-g47bece8355 (webtiles) character file.

Game seed: 6814266832197744182

2 izaiah the Trooper (level 1, -3/24 HPs)
             Began as an Ogre Berserker on Dec 4, 2022.
             Was a Follower of Trog.
             Slain by an adder (4 damage)
             ... on level 2 of the Dungeon.
             The game lasted 00:02:24 (302 turns).

izaiah the Trooper (Ogre Berserker)                  Turns: 302, Time: 00:02:25

Health: -3/24      AC:  3    Str: 20    XL:     1   Next: 30%
Magic:  1/1        EV: 10    Int:  8    God:    Trog [*.....]
Gold:   41         SH:  0    Dex:  8    Spells: 0/0 levels left

rFire   x . .      SeeInvis .   a - +0 mace
rCold   + . .      Faith    .   (no shield)
rNeg    . . .      Spirit   .   b - +0 animal skin
rPois   .          Reflect  .   (helmet restricted)
rElec   .          Harm     .   (no cloak)
rCorr   .          Rampage  .   (gloves unavailable)
Will    .....                   (boots unavailable)
Stlth   +.........              (no amulet)
HPRegen 0.08/turn               g - ring of ice
MPRegen 0.07/turn               (no ring)

@: lethally poisoned (-3 -> -7)
A: large, unfitting armour, tough skin 1
a: Renounce Religion, Berserk


You were on level 2 of the Dungeon.
You worshipped Trog.
Trog was aware of your devotion.
You visited 1 branch of the dungeon, and saw 2 of its levels.

You collected 41 gold pieces.

Inventory:

Hand Weapons
 a - a +0 mace (weapon)
Armour
 b - a +0 animal skin (worn)
Jewellery
 g - a ring of ice (left hand)
Scrolls
 c - a scroll of teleportation
 d - a scroll of silence
 h - a scroll of fear {unknown}
Potions
 e - a potion of invisibility {unknown}
 f - a potion of heal wounds {unknown}


   Skills:
 + Level 4.0 Fighting
 + Level 2.7 Maces & Flails
 + Level 2.7 Dodging


You couldn't memorise any spells.
You didn't know any spells.
Your spell library was empty.

Dungeon Overview and Level Annotations

Branches:
Dungeon (2/15)

Altars:


Innate Abilities, Weirdness & Mutations

You are too large for most types of armour.
You have tough skin. (AC +1)


Message History

You feel more attuned to ice.
g - a ring of ice (left hand)
Found a scroll labelled JORIKH USHAPUX.
h - a scroll labelled JORIKH USHAPUX
Found 6 stones.
An adder comes into view.
The adder hisses angrily.
The adder attacks as you move away! The adder bites you but does no damage.
The adder barely misses you. The adder bites you but does no damage.
The adder attacks as you move away! The adder bites you but does no damage.
You barely miss the adder. The adder barely misses you. The adder bites you.
You closely miss the adder. The adder closely misses you. The adder bites you.
You sock the adder!
The adder is severely wounded.
The adder bites you.
You barely miss the adder.
The adder is severely wounded.
The adder bites you. The adder barely misses you.
You barely miss the adder.
The adder is severely wounded.
The adder closely misses you. The adder bites you.
You miss the adder.
The adder is severely wounded.
The adder bites you.
You hit the adder but do no damage.
The adder is severely wounded.
The adder bites you. x2
You are lethally poisoned!
The adder poisons you!
You barely miss the adder.
The adder is severely wounded.
* * * LOW HITPOINT WARNING * * *
You feel sick. The adder bites you.
* * * LOW HITPOINT WARNING * * *
You barely miss the adder.
The adder is severely wounded.
* * * LOW HITPOINT WARNING * * *
You feel sick. The adder bites you.
You die...

######### #.S@....#
###### #.#####.#
.....# #.#
####.#########.####
#................#
#.............##.#
#....########.# .#
##...## #.# .#
.....# #.# .#


You could see an adder.

Vanquished Creatures
  2 frilled lizards (D:2)
  A kobold (D:2)
3 creatures vanquished.

Notes
Turn   | Place    | Note
-------+----------+-------------------------------------------
     0 | D:1      | izaiah the Ogre Berserker began the quest for the Orb.
     0 | D:1      | Reached XP level 1. HP: 24/24 MP: 1/1
   302 | D:2      | HP: 1/24 [poisoned by an adder]
   302 | D:2      | Slain by an adder

Illustrated notes

Levels and vault maps discovered:
D:1:      scummos_arrival_forest, layout_loops_ring,
          ebering_ecumenical_altar_webs
D:2:      layout_loops_ring

Action                   || total
-------------------------++-------
Melee: Mace              ||    15
  Use: Scroll            ||     2
Armor: Animal skin       ||     5
Dodge: Dodged            ||     9
